Map: Romanticide LE

Players

TLHarstem (Harstem) - Winner!

  • Race: Protoss Protoss
  • League: Master

HellraiseR

  • Race: Protoss Protoss
  • League: Grandmaster

Event: DreamHack SC2 Masters 2021 Summer

VOD

Have the link to the VOD?

Description

Time

  • Played on: May 29, 2021, 2:10 p.m.
  • Length: 12:42

All games in this series

Show
View Real Time Build Order
Export as new Build Order

TLHarstem Protoss - Winner!

Build Orders: Phoenix Opening, Blink Stalkers, Zealot Archon 

Get SALT Encoding   

  12  0:00  Probe  
  13  0:12  Probe  
  14  0:17  Pylon  
  14  0:24  Probe (Chrono Boost)  
  15  0:37  Probe (Chrono Boost), Gateway  
  16  0:45  Probe (Chrono Boost)  
  16  0:46  Assimilator  
  17  0:51  Probe  
  17  0:55  Assimilator  
  18  1:03  Probe (Chrono Boost)  
  19  1:07  Gateway  
  19  1:13  Probe (Chrono Boost)  
  19  1:18  Probe (Chrono Boost)  
  20  1:24  Cybernetics Core  
  21  1:29  Probe  
  22  1:34  Pylon  
  22  1:41  Probe  
  23  1:55  Probe  
  23  2:00  Warp Gate (Chrono Boost)  
  24  2:01  Stalker  
  24  2:02  Stalker  
  28  2:09  Probe, Pylon  
  29  2:32  Sentry  
  31  2:37  Nexus  
  31  2:43  Probe  
  32  2:46  Pylon  
  32  2:49  Sentry  
  34  2:55  Probe  
  34  2:58  Sentry  
  37  3:04  Phoenix  
  37  3:06  Shield Battery  
  37  3:07  Probe (Chrono Boost)  
  38  3:15  Twilight Council  
  38  3:19  Probe (Chrono Boost)  
  39  3:25  Probe (Chrono Boost)  
  40  3:33  Probe  
  41  3:41  Forge  
  41  3:48  Probe (Chrono Boost)  
  42  3:50  Probe (Chrono Boost)  
  42  3:54  Blink  
  43  4:01  Probe (Chrono Boost)  
  43  4:02  Probe (Chrono Boost)  
  45  4:05  Probe (Chrono Boost)  
  45  4:07  Stalker x2  
  45  4:09  Probe  
  51  4:11  Phoenix  
  51  4:18  Probe  
  51  4:20  Protoss Ground Weapons Level 1 (Chrono Boost)  
  51  4:22  Probe  
  53  4:32  Probe, Nexus  
  53  4:35  Probe  
  55  4:41  Robotics Facility  
  55  4:45  Probe  
  56  4:47  Probe  
  56  4:48  Pylon  
  57  4:53  Phoenix, Assimilator  
  57  4:57  Probe (Chrono Boost)  
  59  5:03  Probe (Chrono Boost), Gateway  
  60  5:07  Gateway  
  60  5:09  Probe (Chrono Boost)  
  60  5:14  Probe x2 (Chrono Boost)  
  62  5:23  Probe x2  
  62  5:27  Pylon  
  65  5:29  Observer (Chrono Boost)  
  65  5:30  Stalker x2  
  65  5:35  Probe  
  70  5:39  Shield Battery  
  70  5:41  Phoenix  
  70  5:42  Immortal (Chrono Boost)  
  70  5:43  Probe (Chrono Boost)  
  70  5:47  Probe (Chrono Boost)  
  77  5:50  Probe (Chrono Boost)  
  77  5:55  Probe (Chrono Boost)  
  79  5:58  Probe (Chrono Boost), Charge  
  79  6:01  Probe x2 (Chrono Boost)  
  79  6:03  Probe (Chrono Boost), Gateway x2  
  81  6:10  Probe x2  
  84  6:12  Assimilator  
  84  6:13  Pylon  
  84  6:14  Probe  
  84  6:15  Gateway  
  84  6:16  Gateway  
  85  6:22  Probe x2  
  85  6:23  Protoss Ground Weapons Level 2 (Chrono Boost)  
  91  6:28  Immortal  
  91  6:32  Assimilator  
  92  6:34  Probe  
  92  6:35  Pylon  
  92  6:39  Observer  
  92  6:41  Pylon x2  
  92  6:43  Probe x2, Pylon  
  94  6:50  Templar Archives  
  94  6:52  Pylon  
  94  7:08  Nexus  
  94  7:10  Pylon  
  94  7:11  Warp Prism  
  94  7:14  Pylon  
  94  7:15  Photon Cannon, Zealot x3  
  96  7:22  Zealot x2  
  106  7:26  High Templar  
  106  7:27  High Templar, Zealot  
  112  7:30  Archon  
  112  7:35  Gateway  
  112  7:36  High Templar x2  
  116  7:38  Gateway  
  116  7:40  Zealot  
  116  7:41  Archon  
  118  7:48  High Templar x2  
  118  7:49  Zealot  
  124  7:52  Archon  
  124  8:01  Pylon  
  124  8:03  Zealot x3  
  124  8:05  Probe x2  
  132  8:09  High Templar x2, Zealot  
  132  8:11  Shield Battery  
  132  8:12  Pylon  
  138  8:13  Pylon  
  138  8:14  Archon  
  138  8:20  Probe  
  138  8:26  Zealot x5  
  149  8:27  Probe x2  
  151  8:50  Zealot x10  
  171  8:59  Probe  
  166  9:03  Protoss Ground Weapons Level 3 (Chrono Boost)  
  166  9:04  Probe  
  166  9:07  Probe  
  166  9:09  Robotics Bay  
  150  9:11  Probe  
  150  9:13  Probe  
  150  9:14  Robotics Facility  
  150  9:16  High Templar x2  
  156  9:21  Shield Battery  
  146  9:24  Photon Cannon  
  146  9:27  Probe  
  146  9:28  Archon  
  146  9:29  Probe, Photon Cannon  
  146  9:30  Assimilator  
  148  9:34  Zealot x8  
  148  9:37  Photon Cannon  
  164  9:44  Photon Cannon  
  164  9:46  Dark Shrine  
  164  9:47  Nexus  
  164  9:48  Pylon  
  164  9:56  Disruptor (Chrono Boost)  
  167  10:02  Stalker x5  
  167  10:03  Pylon  
  175  10:08  Probe  
  175  10:10  Pylon  
  175  10:11  Probe  
  175  10:13  Photon Cannon  
  177  10:20  Probe x2  
  182  10:24  Probe, Disruptor (Chrono Boost)  
  182  10:25  Shield Battery  
  183  10:34  Zealot x8  
  199  10:38  Warp Prism (Chrono Boost)  
  197  10:45  Gravitic Drive (Chrono Boost)  
  183  10:55  Probe  
  187  10:57  Photon Cannon, Disruptor (Chrono Boost)  
  187  10:59  Dark Templar  
  187  11:00  Zealot x2, Dark Templar x3  
  199  11:06  Pylon  
  199  11:07  Stargate  
  187  11:19  Disruptor  
  187  11:25  Probe  
  177  11:26  Probe x2  
  177  11:28  Assimilator  
  177  11:29  Disruptor  
  177  11:31  Assimilator  
  182  11:43  Zealot x2, Stalker x2  
  182  11:44  Phoenix, Zealot x5  
  200  11:59  Disruptor  
  149  12:26  Zealot x8, Dark Templar  
  149  12:27  Zealot  
Show
View Real Time Build Order
Export as new Build Order

HellraiseR Protoss 

Build Orders: Phoenix Opening, Zealot Archon 

Get SALT Encoding   

  12  0:01  Probe  
  13  0:13  Probe  
  14  0:17  Pylon  
  14  0:25  Probe (Chrono Boost)  
  15  0:37  Probe (Chrono Boost), Gateway  
  16  0:44  Probe (Chrono Boost)  
  16  0:46  Assimilator  
  17  0:51  Probe  
  17  0:54  Assimilator  
  18  1:03  Probe (Chrono Boost)  
  19  1:11  Gateway  
  19  1:12  Probe (Chrono Boost)  
  19  1:18  Probe  
  20  1:24  Cybernetics Core  
  21  1:30  Probe  
  22  1:34  Pylon  
  22  1:42  Probe  
  24  1:54  Probe  
  24  2:00  Stalker  
  24  2:01  Stalker  
  28  2:02  Warp Gate  
  28  2:13  Pylon  
  28  2:31  Sentry x2  
  32  2:43  Nexus  
  32  2:44  Probe  
  33  2:51  Shield Battery  
  33  3:00  Shield Battery  
  33  3:01  Probe  
  33  3:04  Sentry  
  36  3:05  Phoenix  
  36  3:11  Stalker  
  38  3:21  Twilight Council  
  38  3:27  Pylon  
  38  3:33  Probe  
  39  3:45  Probe (Chrono Boost)  
  39  3:46  Phoenix  
  40  3:54  Forge  
  40  3:56  Probe (Chrono Boost)  
  40  3:58  Probe (Chrono Boost)  
  42  4:05  Probe (Chrono Boost), Blink  
  42  4:06  Probe (Chrono Boost)  
  44  4:10  Probe (Chrono Boost)  
  44  4:12  Probe (Chrono Boost)  
  46  4:19  Phoenix  
  46  4:21  Robotics Facility  
  46  4:22  Probe (Chrono Boost)  
  48  4:24  Probe (Chrono Boost)  
  48  4:26  Protoss Ground Weapons Level 1 (Chrono Boost)  
  48  4:27  Probe (Chrono Boost)  
  48  4:29  Probe (Chrono Boost)  
  50  4:37  Probe  
  51  4:39  Pylon  
  51  4:40  Probe  
  52  4:49  Probe  
  54  4:52  Probe  
  54  4:56  Nexus  
  54  5:01  Probe  
  54  5:05  Probe  
  56  5:09  Observer (Chrono Boost), Pylon  
  56  5:13  Probe (Chrono Boost)  
  58  5:15  Assimilator  
  58  5:19  Gateway  
  59  5:21  Gateway  
  59  5:25  Probe x2 (Chrono Boost)  
  60  5:32  Probe (Chrono Boost)  
  60  5:33  Immortal  
  60  5:34  Probe (Chrono Boost)  
  66  5:39  Probe, Phoenix  
  67  5:44  Probe  
  67  5:45  Stalker x2  
  72  5:52  Probe  
  72  5:54  Shield Battery  
  73  6:01  Probe, Gateway  
  73  6:02  Gateway  
  73  6:04  Probe  
  75  6:11  Probe, Immortal (Chrono Boost)  
  76  6:12  Charge (Chrono Boost)  
  76  6:17  Probe  
  81  6:19  Protoss Ground Weapons Level 2 (Chrono Boost)  
  81  6:20  Probe  
  82  6:25  Probe  
  82  6:29  Probe  
  84  6:36  Templar Archives  
  84  6:38  Probe  
  85  6:43  Probe, Pylon  
  86  6:49  Gateway x2  
  86  6:56  Nexus  
  86  6:57  Pylon  
  86  6:58  Zealot x2, Pylon  
  90  7:03  Probe x2  
  90  7:04  Probe  
  93  7:13  High Templar  
  93  7:14  High Templar  
  97  7:16  Pylon  
  97  7:18  Archon, Pylon  
  97  7:19  Pylon  
  97  7:23  Shield Battery  
  97  7:26  Pylon  
  97  7:33  Immortal (Chrono Boost)  
  97  7:34  Zealot x4  
  109  7:39  Photon Cannon  
  109  7:41  Photon Cannon  
  109  7:42  Photon Cannon  
  109  7:46  Probe x2  
  109  7:47  Probe  
  112  7:58  High Templar x2  
  112  7:59  Zealot x4  
  112  8:03  Archon, Pylon  
  112  8:05  Warp Prism  
  126  8:18  Probe x2  
  126  8:19  Probe x2  
  130  8:21  Assimilator  
  130  8:26  Assimilator  
  130  8:28  Assimilator  
  130  8:30  Probe  
  130  8:33  Probe, Shield Battery  
  132  8:34  Pylon x3  
  132  8:35  Zealot x2, Stalker x3  
  142  8:48  Zealot x3  
  143  8:52  Probe  
  143  8:53  Probe  
  143  8:55  Probe x2  
  150  8:56  Photon Cannon  
  148  9:03  Protoss Ground Weapons Level 3 (Chrono Boost)  
  148  9:04  Probe, Zealot  
  148  9:05  Zealot x3  
  145  9:13  Probe  
  143  9:19  Stalker x2  
  143  9:21  Probe  
  147  9:29  Pylon x2  
  147  9:30  Pylon  
  147  9:31  Pylon  
  147  9:32  Photon Cannon  
  147  9:38  Probe x3  
  150  9:40  Probe  
  150  9:42  High Templar x4, Assimilator  
  159  9:46  Pylon  
  159  9:50  Archon x2  
  159  9:51  Probe (Chrono Boost)  
  159  9:52  Probe (Chrono Boost)  
  161  9:53  Photon Cannon  
  161  9:58  Probe (Chrono Boost)  
  161  9:59  Probe (Chrono Boost)  
  160  10:02  Probe (Chrono Boost)  
  160  10:03  Probe (Chrono Boost)  
  164  10:07  Probe (Chrono Boost), Pylon  
  164  10:08  High Templar x2  
  164  10:09  Zealot x2  
  164  10:11  Probe x2 (Chrono Boost)  
  164  10:13  Probe (Chrono Boost), Archon  
  173  10:16  Zealot x2  
  173  10:17  Zealot x2  
  173  10:18  Nexus  
  173  10:20  Pylon  
  181  10:29  Pylon  
  181  10:30  Zealot x2  
  181  10:31  Pylon  
  185  10:38  Zealot x4  
  187  10:43  Zealot x2  
  187  10:48  Probe x2  
  183  10:52  Probe  
  183  10:53  Robotics Bay  
  183  10:54  Assimilator, Robotics Facility  
  183  10:56  Photon Cannon  
  184  10:58  Photon Cannon  
  184  10:59  Photon Cannon  
  184  11:02  Zealot x4  
  192  11:11  Stalker x4  
  168  11:29  Zealot x4  
  176  11:34  Shield Battery  
  176  11:35  Observer (Chrono Boost), Shield Battery  
  176  11:36  Probe, Pylon  
  176  11:37  Probe  
  176  11:38  Probe x3  
  182  11:42  Shield Battery  
  182  11:43  Pylon  
  182  11:45  High Templar x3  
  182  11:47  High Templar  
  190  11:48  Probe  
  190  11:49  Probe  
  190  11:51  Archon x2  
  192  12:00  Zealot  
  192  12:01  Zealot x3  
  191  12:05  Probe  
  191  12:07  Observer (Chrono Boost)  
  137  12:21  Zealot x3  
  137  12:22  Zealot x4  
  131  12:23  Probe  
  119  12:35  Stalker  
Tags
 
Add a new tag
Caveats
  • Supply blocks, unpowered buildings, or Contaminate may cause inaccurate times.
  • Supply counts are checked every 10 seconds.